 Dungeon Crawl Stone Soup version 0.30-b1-2-g02819fbbbe (webtiles) character file.

Game seed: 4425389812707179751

732 snakesoul the Digger (level 7, -9/36 HPs)
             Began as a Gargoyle Earth Elementalist on May 30, 2023.
             Mangled by a gargoyle
             ... wielding a +0 flail
              (14 damage)
             ... on level 5 of the Dungeon.
             The game lasted 00:07:43 (3866 turns).

snakesoul the Digger (Gargoyle Earth Elementalist)  Turns: 3866, Time: 00:07:43

Health: -9/36      AC:  8    Str: 11    XL:     7   Next: 73%
Magic:  1/12       EV: 11    Int: 18    God:
Gold:   322        SH:  0    Dex: 10    Spells: 3/13 levels left

rFire   + . .        d - +0 dagger
rCold   . . .        (no shield)
rNeg    + + .        q - +1 robe {Will+}
rPois   ∞            (no helmet)
rElec   +            (no cloak)
rCorr   .            (no gloves)
SInv    .            t - +0 pair of boots
Will    +....        r - amulet of magic regeneration
Stlth   ++           v - ring of positive energy
HPRegen 0.26/turn    l - ring of protection from fire
MPRegen 0.53/turn

%: no passive effects
@: no status effects
A: sickness immunity, AC +4, negative energy resistance 1, electricity
resistance, torment resistance 1, petrification resistance
a: no special abilities


You were on level 5 of the Dungeon.
You visited 2 branches of the dungeon, and saw 6 of its levels.

You collected 322 gold pieces.

Inventory:

Hand Weapons
 d - a +0 dagger (weapon)
Missiles
 e - 29 stones
Armour
 q - a +1 robe of willpower (worn)
 t - a +0 pair of boots (worn)
Magical Staves
 p - a staff of air
Jewellery
 i - a +6 ring of dexterity
 l - a ring of protection from fire (right hand)
 r - an amulet of magic regeneration (around neck)
 u - an amulet of the acrobat
 v - a ring of positive energy (left hand)
Wands
 z - a wand of iceblast (8)
 C - a wand of mindburst (6)
Scrolls
 f - 3 scrolls of blinking {unknown}
 h - 6 scrolls of identify {unknown}
 j - a scroll of fear {unknown}
 m - a scroll of enchant armour {unknown}
 n - a scroll of fog {unknown}
 o - 4 scrolls of teleportation
 x - a scroll of immolation {unknown}
 y - a scroll of summoning {unknown}
 A - a scroll of poison {unknown}
Potions
 a - a potion of berserk rage {unknown}
 b - a potion of magic
 c - 2 potions of flight {unknown}
 g - a potion of cancellation {unknown}
 k - 7 potions of heal wounds
 s - a potion of haste {unknown}
 w - a potion of ambrosia {unknown}
 B - a potion of might {unknown}


   Skills:
 - Level 1.5 Dodging
 - Level 2.1 Stealth
 - Level 3.7 Spellcasting
 + Level 4.2 Conjurations
 + Level 4.2 Transmutations
 - Level 5.5 Earth Magic


You had 3 spell levels left.
You knew the following spells:

 Your Spells              Type           Power      Damage    Failure   Level
a - Sandblast             Erth           46%        2d11      1%          1
b - Passwall              Tmut/Erth      16%        N/A       3%          2
c - Stone Arrow           Conj/Erth      40%        3d9       6%          3
d - Petrify               Tmut/Erth      20%        N/A       21%         4

Your spell library contained the following spells:

 Spells                   Type           Power      Damage    Failure   Level
 Hailstorm                Conj/Ice       10%        3d5       19%         3
 Lesser Beckoning         Tloc           6%         N/A       22%         2
 Gell's Gravitas          Tloc           3%         N/A       41%         3
 Teleport Other           Tloc           3%         N/A       41%         3
 Ice Form                 Ice/Tmut       11%        N/A       54%         4
 Irradiate                Conj/Tmut      9%         3d14      58%         5
 Simulacrum               Ice/Necr       1%         N/A       100%        6
 Sublimation of Blood     Necr           Unusable   N/A       N/A         2

Dungeon Overview and Level Annotations

Branches:
Dungeon (5/15)             Temple (1/1) D:5

Altars:
Ashenzari
Cheibriados
Elyvilon
Fedhas
Gozag
Kikubaaqudgha
Makhleb
Nemelex Xobeh
Qazlal
Ru
Sif Muna
Trog
Uskayaw
Xom
Yredelemnul
Zin
The Shining One

Annotations:
D:4 2 transporters, ThomasProcell's ghost, novice MiFi


Innate Abilities, Weirdness & Mutations

You are immune to sickness and miasma.
Your stone body is resilient. (AC +4)
You are immune to poison.
You resist negative energy. (rN+)
You are resistant to electric shocks. (rElec)
You are resistant to unholy torment.
You are immune to petrification.


Message History

The stone arrow misses you.
Unknown command.
Casting: Stone Arrow (dangerous; 6% risk of failure)
Confirm with . or Enter, or press ? or * to list all spells.
Aiming: Sandblast (safe; 1% risk of failure)
Press: ? - help, Shift-Dir - straight line, f/p - gargoyle
Aim: a gargoyle, wielding a +0 flail (heavily damaged, 92% to hit)
The blast of sand hits the gargoyle but does no damage.
The gargoyle is heavily damaged.
The gargoyle hurls a stone arrow at you.
The stone arrow misses you. The gargoyle hits you with a +0 flail.
Unknown command.
Casting: Sandblast (safe; 1% risk of failure)
Confirm with . or Enter, or press ? or * to list all spells.
Aiming: Sandblast (safe; 1% risk of failure)
Press: ? - help, Shift-Dir - straight line, f/p - gargoyle
Aim: a gargoyle, wielding a +0 flail (heavily damaged, 92% to hit)
The blast of sand hits the gargoyle but does no damage.
The gargoyle is heavily damaged.
The gargoyle hits you with a +0 flail.
Casting: Sandblast (safe; 1% risk of failure)
Confirm with . or Enter, or press ? or * to list all spells.
Aiming: Sandblast (safe; 1% risk of failure)
Press: ? - help, Shift-Dir - straight line, f/p - gargoyle
Aim: a gargoyle, wielding a +0 flail (heavily damaged, 92% to hit)
The blast of sand hits the gargoyle but does no damage.
The gargoyle is heavily damaged.
The gargoyle hits you with a +0 flail.
The gargoyle hurls a stone arrow at you.
The stone arrow misses you.
The blast of sand hits the gargoyle but does no damage.
The gargoyle is heavily damaged.
The gargoyle hurls a stone arrow at you.
The stone arrow hits you!!
Ouch! That really hurt!
* * * LOW HITPOINT WARNING * * *
You are too injured to fight recklessly!
You are too injured to fight recklessly!
The gargoyle attacks as you move away! The gargoyle hits you with a +0 flail!
You die...

#....######.##.#.##.....≈≈≈≈≈≈≈
#.###.†........#....#.#.....≈≈≈≈≈
#.....#######..÷..<...##......≈≈≈
#.###.#######......##.##.........
#........###..†.........#.##...
###.#..###.# ##).####.######.#...
....#..###.# #..####.# ##....
......#.##.# #.......# ##.#.
...##...##.# ##@###### #.## ##
#.#.##.# #.9.# #.# #......# #...#
##### #.# ###.#### #...# #...
...# #..#.So####...###.# .....#
#.###.............##.......# #.#
##................... ##
#..............##....
#...##........†.... ..


You could see a gargoyle.

Vanquished Creatures
  A water moccasin (D:5)
  A black bear (D:5)
  A bullfrog (D:5)
  A scorpion (D:5)
  A howler monkey (D:5)
  A jelly (D:5)
  A sleepcap (D:5)
  Jessica (D:3)
  2 iguanas
  Terence (D:2)
  Natasha (thrice) (D:2)
  4 adders
  2 shadow imps (D:5)
  An ufetubus (D:5)
  3 worms (D:3)
  A dart slug (D:5)
  2 orcs (D:5)
  6 endoplasms
  2 giant cockroaches
  8 goblins
  7 hobgoblins
  2 jackals (D:4)
  6 kobolds
  2 quokkas
  10 ball pythons
  4 bats
  A frilled lizard (D:1)
  7 rats
82 creatures vanquished.

Vanquished Creatures (others)
  2 fungi (D:4)
2 creatures vanquished.

Grand Total: 84 creatures vanquished

Notes
Turn   | Place    | Note
-------+----------+-------------------------------------------
     0 | D:1      | snakesoul the Gargoyle Earth Elementalist began the quest
                  | for the Orb.
     0 | D:1      | Reached XP level 1. HP: 10/10 MP: 3/3
   270 | D:1      | Reached skill level 1 in Transmutations
   393 | D:1      | Reached XP level 2. HP: 15/15 MP: 3/5
   399 | D:1      | Learned a level 2 spell: Passwall
   767 | D:1      | Reached skill level 4 in Earth Magic
  1165 | D:2      | Reached XP level 3. HP: 19/19 MP: 3/6
  1268 | D:2      | Noticed Terence
  1279 | D:2      | Killed Terence
  1359 | D:2      | Reached XP level 4. HP: 24/24 MP: 5/8
  1384 | D:2      | Noticed Natasha
  1388 | D:2      | Killed Natasha
  1415 | D:2      | Noticed Natasha
  1419 | D:2      | Killed Natasha
  1420 | D:2      | Reached XP level 5. HP: 28/28 MP: 5/9
  1426 | D:2      | Noticed Natasha
  1431 | D:2      | Killed Natasha
  1504 | D:2      | Learned a level 3 spell: Stone Arrow
  1509 | D:2      | Learned a level 4 spell: Petrify
  1516 | D:2      | Reached skill level 5 in Earth Magic
  2193 | D:3      | Noticed Jessica
  2194 | D:3      | Killed Jessica
  2240 | D:3      | You fall into a shaft and drop 1 floor!
  2334 | D:4      | Found a transporter.
  2337 | D:4      | Noticed ThomasProcell's ghost (novice MiFi)
  2831 | D:4      | Reached XP level 6. HP: 32/32 MP: 9/11
  2891 | D:4      | Found a transporter.
  3066 | D:4      | Found a glowing golden altar of the Shining One.
  3367 | D:5      | Entered Level 5 of the Dungeon
  3373 | D:5      | Reached skill level 1 in Conjurations
  3409 | D:5      | Found a staircase to the Ecumenical Temple.
  3423 | Temple   | Entered the Ecumenical Temple
  3653 | D:5      | Noticed a black bear
  3746 | D:5      | Reached XP level 7. HP: 36/36 MP: 10/12
  3768 | D:5      | Noticed a gargoyle
  3866 | D:5      | Mangled by a gargoyle

Illustrated notes

Levels and vault maps discovered:
D:1:      lightli_arrival_windingriver, layout_loops_ring, serial_rivers,
          chequers_serial_rivers_room_b, chequers_serial_rivers_small_3,
          chequers_serial_rivers_micro_c, chequers_serial_rivers_small_b,
          chequers_serial_rivers_micro_d, chequers_serial_rivers_marsh,
          hangedman_abyss_or_decor_stabs
D:2:      layout_rooms, uniq_terence, uniq_natasha
D:3:      layout_loops_ring, kennysheep_nub, uniq_jessica
D:4:      layout_basic, mainiacjoe_overflow_chevrons, gammafunk_ghost_mausoleum,
          serial_rivers, chequers_serial_rivers_micro_d,
          chequers_serial_rivers_large_b, chequers_serial_rivers_small_b,
          chequers_serial_rivers_small_b, nicolae_figureground_pulse
D:5:      cheibrodos_fzero, layout_loops_cross, okawaru_altar_gauntlet_db,
          temple_pool_b, grunt_decor_cap
Temple:   kb_temple_of_zot

Skill      XL: |  1  2  3  4  5  6  7 |
---------------+----------------------+-----
Transmutations | 1 2 3 4 |  4.2
Earth Magic    | 4 5 |  5.5
Spellcasting   | 3 |  3.7
Conjurations   | 2 4 |  4.2
Dodging        | |  1.5
Stealth        | |  2.1

Action                     |  1- 3 |  4- 6 |  7- 9 || total
---------------------------+-------+-------+-------++-------
  Melee: Dagger            |     8 |       |       ||     8
   Cast: Sandblast         |    45 |    78 |    16 ||   139
         Stone Arrow       |       |       |     7 ||     7
    Use: Scroll            |       |     1 |     1 ||     2
         Potion            |       |     1 |     1 ||     2
 Armour: Robe              |    10 |    14 |    15 ||    39
  Dodge: Dodged            |    11 |     7 |    23 ||    41
